 Dungeon Crawl Stone Soup version 0.26.0-10-g1f06aea511 (webtiles) character file.

Game seed: 3342852051983785027

10992 wakim the Destroyer (level 11, 0/57 HPs)
             Began as a Deep Elf Conjurer on Jan 23, 2021.
             Was a Priest of Sif Muna.
             Slain by a boulder beetle (49 damage)
             ... on level 11 of the Dungeon.
             The game lasted 00:55:12 (12940 turns).

wakim the Destroyer (Deep Elf Conjurer)            Turns: 12940, Time: 00:55:13

Health: 0/57       AC: 11    Str:  6    XL:     11   Next: 43%
Magic:  14/28      EV: 14    Int: 25    God:    Sif Muna [***...]
Gold:   817        SH:  8    Dex: 13    Spells: 21/32 levels left

rFire    + . .     SeeInvis +   b - staff of conjuration
rCold    . . .     Faith    +   e - +0 buckler
rNeg     . . .     Spirit   .   B - +2 leather armour {Will+}
rPois    +         Reflect  .   g - +1 helmet
rElec    .         Harm     .   (no cloak)
rCorr    .         Rampage  .   (no gloves)
Will     +++..                  E - +1 pair of boots
Stlth    +++.......             q - amulet of Midsummer {Faith rPois Will+}
HPRegen  0.19/turn              l - ring of see invisible
MPRegen  0.21/turn              D - ring of protection from fire

@: no status effects
A: large bone plates 1, slimy green scales 1
a: Renounce Religion, Channel Magic, Forget Spell


You were on level 11 of the Dungeon.
You worshipped Sif Muna.
Sif Muna was most pleased with you.
You visited 2 branches of the dungeon, and saw 12 of its levels.
You also visited: Ossuary.

You collected 817 gold pieces.

Inventory:

Hand Weapons
 a - a +5 morningstar of freezing
Missiles
 u - 3 throwing nets
Armour
 e - a +0 buckler (worn)
 g - a +1 helmet (worn)
 n - a +0 robe of resistance
 s - a +0 kite shield
 B - a +2 leather armour of willpower (worn)
 E - a +1 pair of boots (worn)
Magical Staves
 b - an uncursed staff of conjuration (weapon)
Jewellery
 d - a +6 ring of intelligence
 l - a ring of see invisible (left hand)
 p - an uncursed amulet of magic regeneration
 q - the amulet of Midsummer (around neck) {Faith rPois Will+}
   (You acquired it on level 8 of the Dungeon)

   [amulet of faith]

   It allows you to gain divine favour quickly.
   It protects you from poison.
   It affects your willpower, your defense against some magical effects.
 D - a ring of protection from fire (right hand)
Wands
 x - a wand of iceblast (10)
Scrolls
 f - a scroll of teleportation
 i - 11 scrolls of identify
 k - 3 scrolls of immolation
 m - 11 scrolls of remove curse
 o - a scroll of blinking
 v - 2 scrolls of enchant weapon
 w - a scroll of summoning
 y - 2 scrolls of amnesia
 z - 6 scrolls of fear
 A - a scroll of magic mapping
 C - 2 scrolls of enchant armour
Potions
 c - 2 potions of curing
 h - 3 potions of might
 j - 2 potions of haste
 r - 3 potions of heal wounds
 t - a potion of berserk rage


   Skills:
 + Level 2.3 Fighting
 + Level 7.2 Dodging
 + Level 7.5 Stealth
 * Level 2.7 Shields
 + Level 11.4 Spellcasting
 * Level 12.3 Conjurations
 + Level 4.1 Hexes
 + Level 4.5 Translocations
 * Level 4.6 Invocations
 + Level 2.5 Evocations


You had 21 spell levels left.
You knew the following spells:

 Your Spells              Type           Power        Failure   Level
a - Magic Dart            Conj           100%         1%          1
b - Searing Ray           Conj           100%         1%          2
c - Fulminant Prism       Conj/Hex       35%          2%          4
d - Iskenderun's Mystic   Conj/Tloc      71%          2%          4

Your spell library contained the following spells:

 Spells                   Type           Power        Failure   Level
 Dazzling Flash           Conj/Hex       100%         1%          3
 Cause Fear               Hex            17%          14%         4
 Silence                  Hex/Air        12%          67%         5
 Yara's Violent Unravell  Hex/Tmut       12%          67%         5
 Discord                  Hex            17%          100%        8


Dungeon Overview and Level Annotations

Branches:
Dungeon (11/15)            Temple (1/1) D:7            Lair (0/6) D:11
    Orc (0/2) D:11        Ossuary (visited)

Altars:
Ashenzari
Cheibriados
Dithmenos
Elyvilon
Fedhas
Gozag
Hepliaklqana
Kikubaaqudgha
Makhleb
Nemelex Xobeh
Okawaru
Qazlal
Ru
Sif Muna
Trog
Uskayaw
Vehumet
Wu Jian
Xom
Yredelemnul
Zin
The Shining One

Shops:
D:6 [   D:7 ?

Annotations:
D:2 2 transporters
D:7 3 runed translucent doors, Gypyx's ghost, novice DDFi


Innate Abilities, Weirdness & Mutations

You are partially covered in large bone plates. (SH +4)
You are partially covered in slimy green scales. (AC +2)


Message History

The boulder beetle is knocked back by the mystic blast.
The boulder beetle curls into a ball and begins rolling!
The boulder beetle misses you.
The boulder beetle stops rolling and uncurls.
The boulder beetle curls into a ball and begins rolling!
The boulder beetle barely misses you.
The boulder beetle stops rolling and uncurls.
The boulder beetle curls into a ball and begins rolling!
The boulder beetle hits you but does no damage.
The boulder beetle stops rolling and uncurls.
The boulder beetle curls into a ball and begins rolling!
The boulder beetle closely misses you.
The boulder beetle stops rolling and uncurls.
The boulder beetle curls into a ball and begins rolling!
The boulder beetle completely misses you.
The boulder beetle stops rolling and uncurls.
The boulder beetle curls into a ball and begins rolling!
The boulder beetle hits you!!!
Ouch! That really hurt!
You die...

...#.# #...............## ...#.#
#...............## ...#.#
#.................
...#.###########.....####.......(
...#.................#..#........
####.................#..#######..
.....................#........#..
................[....#........#..
................@B...###......'..
##################○....#......#..
#°....#......#.. #°....#......#..
#.....#......'.. #l....########..
#............... #...............
#...............


You could see a boulder beetle.

Vanquished Creatures
  Harold (D:7)
  A hydra (D:11)
  An ugly thing (D:7)
  An elephant (D:11)
  2 gargoyles (D:10)
  A troll (D:10)
  Grinder (D:4)
  2 wyverns
  A yak (D:8)
  Eustachio (D:6)
  2 basilisks (D:11)
  Menkaure (D:7)
  3 phantoms
  4 sky beasts
  3 black bears
  5 ice beasts
  2 orc warriors
  5 ogres
  An eye of draining (D:11)
  4 centaurs
  Blork the orc (D:4)
  3 big kobolds
  5 bullfrogs
  A gnoll sergeant (D:8)
  A water moccasin zombie (D:11)
  A wyvern skeleton (D:11)
  8 scorpions
  8 wights
  An electric eel (D:8)
  2 howler monkeys (D:10)
  2 centaur zombies (Ossuary)
  A quasit (D:11)
  6 bullfrog zombies
  3 hounds
  8 orc priests
  3 jellies
  A bullfrog skeleton (D:6)
  2 centaur skeletons
  12 orc wizards
  14 mummies (Ossuary)
  Terence (D:2)
  6 iguanas
  Natasha (thrice) (D:2)
  16 worker ants
  A killer bee zombie (D:6)
  4 hound zombies
  A hound skeleton (D:4)
  4 worker ant zombies
  A killer bee simulacrum (D:8)
  Robin (D:2)
  A howler monkey zombie (Ossuary)
  11 gnolls
  13 adders
  A hound simulacrum (D:8)
  2 shadow imps
  6 white imps
  2 oozes
  2 ufetubi
  6 adder zombies
  3 worms
  3 dart slugs
  2 leopard geckos
  34 orcs
  2 giant cockroaches
  16 goblins
  12 hobgoblins
  5 jackals
  6 quokkas
  3 ball pythons
  12 bats
  3 frilled lizards
  2 giant cockroach zombies (D:6)
  A jackal skeleton (D:4)
  26 kobolds
  3 leopard gecko zombies
  A quokka skeleton (D:4)
  2 quokka zombies (Ossuary)
  7 rats
350 creatures vanquished.

Vanquished Creatures (others)
  8 bushes (D:11)
  34 fulminant prisms
  7 withered plants (Ossuary)
49 creatures vanquished.

Grand Total: 399 creatures vanquished

Notes
Turn   | Place    | Note
-------+----------+-------------------------------------------
     0 | D:1      | wakim the Deep Elf Conjurer began the quest for the Orb.
     0 | D:1      | Reached XP level 1. HP: 10/10 MP: 6/6
   272 | D:1      | Reached XP level 2. HP: 3/15 MP: 8/8
   832 | D:1      | Reached XP level 3. HP: 19/19 MP: 8/10
  1039 | D:2      | Learned a level 2 spell: Searing Ray
  1045 | D:2      | Noticed Terence
  1056 | D:2      | Killed Terence
  1057 | D:2      | Reached skill level 5 in Conjurations
  1075 | D:2      | Reached XP level 4. HP: 24/24 MP: 0/12
  1084 | D:2      | Found a snail-covered altar of Cheibriados.
  1218 | D:2      | Noticed Natasha
  1221 | D:2      | Killed Natasha
  1396 | D:2      | Found a transporter.
  1412 | D:2      | Noticed Natasha
  1418 | D:2      | Noticed an ogre
  1426 | D:2      | Found a transporter.
  1428 | D:2      | Noticed an orc warrior
  1460 | D:2      | Killed Natasha
  1461 | D:2      | Reached skill level 5 in Spellcasting
  1513 | D:2      | Reached XP level 5. HP: 28/28 MP: 8/14
  1527 | D:2      | Noticed Natasha
  1536 | D:2      | Killed Natasha
  1653 | D:2      | Noticed Robin
  1661 | D:2      | Killed Robin
  1758 | D:2      | Found a blossoming altar of Fedhas.
  1761 | D:2      | Found a hide-covered altar of Uskayaw.
  2051 | D:2      | Learned a level 4 spell: Fulminant Prism
  2056 | D:2      | Learned a level 4 spell: Iskenderun's Mystic Blast
  2116 | D:3      | Reached skill level 6 in Conjurations
  2332 | D:3      | Reached XP level 6. HP: 32/32 MP: 8/16
  2485 | D:3      | Reached skill level 1 in Translocations
  2837 | D:4      | Noticed Blork the orc
  2847 | D:4      | Killed Blork the orc
  2912 | D:2      | HP: 1/32 [poisoned by a worker ant]
  2913 | D:2      | Gained mutation: You are partially covered in large bone
                  | plates. (SH +4) [potion of mutation]
  2913 | D:2      | Gained mutation: You are partially covered in slimy green
                  | scales. (AC +2) [potion of mutation]
  3405 | D:4      | Noticed Grinder
  3450 | D:4      | Reached skill level 7 in Conjurations
  3450 | D:4      | Reached XP level 7. HP: 36/36 MP: 6/18
  4299 | D:5      | Entered Level 5 of the Dungeon
  4330 | D:5      | Reached skill level 8 in Conjurations
  4487 | D:5      | Reached XP level 8. HP: 41/41 MP: 11/21
  4600 | D:5      | Found a shadowy altar of Dithmenos.
  4659 | D:5      | Found a sand-covered staircase.
  4671 | Ossuary  | Entered an ossuary
  4676 | Ossuary  | Reached skill level 9 in Conjurations
  5115 | Ossuary  | Reached skill level 10 in Conjurations
  5874 | D:5      | Reached XP level 9. HP: 32/45 MP: 17/24
  6240 | D:4      | Killed Grinder
  6414 | D:6      | Found Tihisu's Armour Boutique.
  6422 | D:6      | Reached skill level 11 in Conjurations
  6506 | D:6      | Noticed Eustachio
  6517 | D:6      | Killed Eustachio
  6519 | D:6      | Reached skill level 10 in Spellcasting
  6612 | D:6      | Reached skill level 1 in Hexes
  6649 | D:6      | Found a bloodstained altar of Trog.
  6913 | D:6      | Found a broken altar of Ashenzari.
  7130 | D:7      | Found a runed translucent gate.
  7180 | D:7      | Noticed Gypyx's ghost (novice DDFi)
  7283 | D:7      | Found Hocezid's Magic Scroll Shop.
  7294 | D:7      | Noticed Harold
  7307 | D:7      | Killed Harold
  7308 | D:7      | Reached skill level 5 in Dodging
  7308 | D:7      | Reached skill level 5 in Stealth
  7308 | D:7      | Reached XP level 10. HP: 37/50 MP: 6/26
  7318 | D:7      | Found a runed translucent gate.
  7394 | D:7      | Found a runed translucent gate.
  7450 | D:7      | Noticed a red ugly thing
  7459 | D:7      | Killed a red ugly thing
  7615 | D:7      | Noticed Menkaure
  7621 | D:7      | Killed Menkaure
  7888 | D:7      | Found a staircase to the Ecumenical Temple.
  7912 | Temple   | Entered the Ecumenical Temple
  8042 | Temple   | Became a worshipper of Sif Muna the Loreminder
  8606 | D:8      | Reached skill level 1 in Invocations
  8696 | D:8      | Reached skill level 12 in Conjurations
  8725 | D:8      | Reached skill level 1 in Fighting
  8744 | D:8      | Identified a scroll of acquirement
  8747 | D:8      | Acquired the amulet of Midsummer {Faith rPois Will+}
  9170 | D:8      | Found a radiant altar of Vehumet.
  9298 | D:8      | Reached * piety under Sif Muna
  9561 | D:8      | Acquired an uncursed staff of conjuration
  9795 | D:9      | Reached skill level 1 in Shields
 10075 | D:9      | Reached skill level 1 in Evocations
 10573 | D:10     | Entered Level 10 of the Dungeon
 10593 | D:10     | Noticed a gargoyle
 10601 | D:10     | Killed a gargoyle
 10699 | D:10     | Reached ** piety under Sif Muna
 10796 | D:10     | Noticed a gargoyle
 10801 | D:10     | Killed a gargoyle
 11059 | D:10     | Reached XP level 11. HP: 57/57 MP: 23/28
 11312 | D:10     | Reached *** piety under Sif Muna
 11895 | D:11     | Found a staircase to the Orcish Mines.
 11980 | D:11     | Noticed an eight-headed hydra
 11986 | D:11     | Killed an eight-headed hydra
 12262 | D:11     | Found a staircase to the Lair.
 12472 | D:11     | Noticed a boulder beetle
 12940 | D:11     | Slain by a boulder beetle

Illustrated notes

Levels and vault maps discovered:
D:1:      dpeg_arrival_chambers_temple_mockup, layout_basic,
          hangedman_decor_growths, minmay_pentomino_x2
D:2:      layout_loops_ring, gammafunk_temple_overflow_arena,
          lemuel_crystal_altar, uniq_terence, uniq_natasha, uniq_robin
D:3:      layout_rooms
D:4:      layout_basic, uniq_blork_the_orc, uniq_grinder
D:5:      layout_basic, nicolae_dithmenos_the_darkroom,
          nicolae_ossuary_entry_plus, grunt_decor_one_mirror
D:6:      layout_rooms, lemuel_crystal_altar, basic_altar, serial_shops, shop,
          kennysheep_dice, uniq_eustachio
D:7:      layout_basic, minmay_temple_entry_mist, serial_shops, shop_scrolls,
          gammafunk_ghost_icy, uniq_menkaure, uniq_harold
D:8:      layout_loops_corners, nicolae_overflow_hidden_temple, serial_ice,
          serial_ice_e, serial_ice_j, serial_ice_c, serial_ice_b
D:9:      layout_cave_pools
D:10:     layout_roguey
D:11:     minmay_klotski, layout_irregular_city, david_lair_generic, orc_0_dummy
Temple:   eino_temple_scatter_basement

Skill      XL: |  1  2  3  4  5  6  7  8  9 10 11 |
---------------+----------------------------------+-----
Stealth        | 3 5 7 |  7.5
Dodging        | 3 5 6 7 |  7.2
Spellcasting   | 4 5 6 7 9 10 11 | 11.4
Conjurations   | 5 6 7 8 10 11 12 | 12.3
Translocations | 2 3 4 |  4.5
Hexes          | 3 4 |  4.1
Invocations    | 3 4 |  4.6
Fighting       | 1 2 |  2.3
Shields        | 1 2 |  2.7
Evocations     | 1 2 |  2.5

Action                   |  1- 3 |  4- 6 |  7- 9 | 10-12 || total
-------------------------+-------+-------+-------+-------++-------
Melee: Short sword       |    14 |     8 |    17 |       ||    39
       Unarmed           |     1 |       |       |       ||     1
       Staff             |       |       |       |     8 ||     8
       Morningstar       |       |       |       |     1 ||     1
 Cast: Magic Dart        |    46 |    64 |    52 |    54 ||   216
       Searing Ray       |     2 |    27 |    80 |    69 ||   178
       Iskenderun's Myst |       |     5 |     4 |    21 ||    30
       Fulminant Prism   |       |       |     7 |    27 ||    34
  Use: Potion            |     3 |     2 |     6 |       ||    11
       Scroll            |     1 |     1 |     9 |     7 ||    18
 Stab: Sleeping          |       |       |       |     1 ||     1
Armor: Robe              |     6 |     3 |    20 |    13 ||    42
       Leather armour    |       |       |       |     8 ||     8
Dodge: Dodged            |    16 |    36 |    42 |    45 ||   139
Block: Other             |       |     3 |    14 |     1 ||    18
       Buckler           |       |       |       |    23 ||    23
       Kite shield       |       |       |       |     1 ||     1
